 Dungeon Crawl Stone Soup version 0.26-a0-667-g92642533e4 (webtiles) character file.

Game seed: 10461292393404899928

8061 Chiseanne the Unseen (level 11, 51/51 HPs)
             Began as a Spriggan Delver on Oct 18, 2020.
             Was an Initiate of Gozag.
             Quit the game on level 11 of the Dungeon.
             The game lasted 00:31:34 (6700 turns).

Chiseanne the Unseen (Spriggan Delver)              Turns: 6700, Time: 00:31:35

Health: 51/51      AC: 10    Str:  8    XL:     11   Next: 5%
Magic:  21/21      EV: 24    Int: 13    God:    Gozag
Gold:   102        SH:  9    Dex: 20    Spells: 10/10 levels left

rFire    . . .     SeeInvis +   a - +2 dagger (elec)
rCold    . . .     Faith    .   p - +1 buckler
rNeg     . . .     Spirit   .   I - +1 steam dragon scales
rPois    .         Reflect  .   (helmet restricted)
rElec    .         Harm     .   C - +1 cloak
rCorr    .         Rampage  .   (gloves unavailable)
MR       +....     Rnd*Rage +   (boots unavailable) Stlth ++++++....Rnd*Tele +
                                x - amulet of regeneration
HPRegen  0.57/turn              i - ring of magical power
MPRegen  0.17/turn              q - +4 ring of slaying

@: very quick
A: very small, unfitting armour, hooves 1, yellow scales 1, see invisible,
berserk 1, speed 3, teleportitis 1
a: Potion Petition, Call Merchant, Bribe Branch, Renounce Religion


You were on level 11 of the Dungeon.
You worshipped Gozag.
Gozag was aware of your devotion.
You visited 2 branches of the dungeon, and saw 12 of its levels.
You also visited: Sewer and Ossuary.

You collected 1410 gold pieces.
You spent 434 gold pieces at shops.
You paid 874 gold pieces to Gozag.

Inventory:

Hand Weapons
 a - a +2 dagger of electrocution (weapon)
Missiles
 j - 108 sling bullets
 k - 9 boomerangs (quivered)
 r - 254 stones
 s - 2 throwing nets
 z - 69 bolts
 A - 61 poisoned darts
Armour
 p - a +1 buckler (worn)
 C - a +1 cloak (worn)
 I - +1 steam dragon scales (worn)
Jewellery
 i - a ring of magical power (left hand)
 m - an uncursed ring of wizardry
 q - a +4 ring of slaying (right hand)
 x - an amulet of regeneration (around neck)
 G - a cursed amulet of faith {unknown}
 J - a cursed ring of teleportation {unknown}
Wands
 g - a wand of digging (3)
 l - a wand of random effects (16)
 n - a wand of flame (12)
 H - a wand of enslavement (3)
 L - a wand of polymorph (6)
Scrolls
 b - 4 scrolls of identify
 c - 8 scrolls of fog
 d - 2 scrolls of magic mapping
 e - a scroll of fear
 u - 7 scrolls of remove curse
 v - a scroll of amnesia
 y - 5 scrolls of teleportation
 B - 2 scrolls of immolation
 K - a scroll of noise {unknown}
Potions
 f - 6 potions of haste
 h - 3 potions of might
 o - 4 potions of heal wounds
 t - 11 potions of curing
 w - a potion of stabbing
 E - 3 potions of lignification
 F - 4 potions of flight
 M - a potion of magic


   Skills:
 - Level 2.4 Fighting
 - Level 4.1 Short Blades
 * Level 8.0 Throwing
 - Level 7.4 Dodging
 * Level 16.4 Stealth
 * Level 7.1 Shields


You had 10 spell levels left.
You didn't know any spells.
Your spell library was empty.

Dungeon Overview and Level Annotations

Branches:
Dungeon (11/15)            Temple (1/1) D:7            Lair (0/6) D:10
  Sewer (visited)         Ossuary (visited)
    Orc: D:9-12

Altars:
Ashenzari
Fedhas
Gozag
Hepliaklqana
Okawaru
Qazlal
Sif Muna
Trog
Uskayaw
Vehumet
Xom
Yredelemnul
Zin

Shops:
D:5 *   D:6 *   D:8 !   D:11 [

Portals:
Ice
Cave: D:11

Annotations:
D:2 Jessica


Innate Abilities, Weirdness & Mutations

You are very small and have problems with some larger weapons.
You are too small for most types of armour.
You have supernaturally acute eyesight. (SInv)
You cover ground extremely quickly.
You have large cloven feet.
You are partially covered in yellow scales. (AC +2)
You tend to lose your temper in combat.
You are occasionally teleported next to monsters.


Message History

Throwing (i - inventory. (/) - cycle)
k - 9 boomerangs (quivered)
Press: ? - help, Shift-Dir - straight line, f - you
Okay, then.
You now have 793 gold pieces (gained 8).
You now have 798 gold pieces (gained 5).
You now have enough gold to fund merchants seeking to open stores in the dungeon.
You now have 817 gold pieces (gained 19).
You see here a +0 giant spiked club.
You now have 823 gold pieces (gained 6). [a] 442 gold - Woeddiv's General Store [b] 721 gold - Boplu's Armour Emporium [c] 721 gold - Ramamost's Distillery Fund which merchant?
You no longer have enough gold to petition Gozag for potion effects.
You no longer have enough gold to fund merchants seeking to open stores in the dungeon.
Boplu invites you to visit his Armour Emporium.
There is a stone staircase leading down here.
You hear the loud crackling of a very distant melting archway.
Done exploring.
Are you sure you want to abandon this character and quit the game? (Confirm with "yes".)

#..............#
#..............####
#..................
#......(...........
#..###########.....
#..# #..### #..#
#..#
#..###########..###
#.@................
#..................
###################


There were no monsters in sight!

Vanquished Creatures
  A boulder beetle (D:11)
  An unseen horror (D:11)
  Pikel (Temple)
  Maggie (D:7)
  A centaur skeleton (D:7)
  2 ice devils (D:11)
  2 trolls (D:10)
  2 hornets
  A basilisk (D:11)
  3 yaks
  A water moccasin (D:9)
  A hornet zombie (D:11)
  3 ice beasts (D:8)
  A black bear (D:11)
  3 sky beasts
  7 ogres
  3 centaurs
  2 lemures (D:7)
  4 bullfrogs
  A wyvern zombie (D:10)
  13 wights
  3 electric eels (D:10)
  A howler monkey (D:11)
  3 jellies
  2 bullfrog zombies
  8 hounds
  4 orc priests
  Crazy Yiuf (D:7)
  A bullfrog skeleton (D:9)
  An iguana (D:11)
  Ijyb (D:5)
  3 orc wizards
  6 worker ants
  2 big kobold zombies (Ossuary)
  2 mummies (Ossuary)
  A howler monkey skeleton (D:7)
  5 adders
  5 river rats (Sewer)
  A white imp (D:9)
  3 ufetubi
  An ooze (D:5)
  An adder skeleton (D:4)
  3 adder zombies (Ossuary)
  A dart slug (D:4)
  6 leopard geckos
  27 orcs
  4 ball pythons
  16 giant cockroaches
  4 gnoll zombies (Ossuary)
  4 hobgoblins
  2 jackals (D:10)
  A kobold (D:3)
  2 quokkas
  8 frilled lizards
  2 goblins (D:3)
  4 hobgoblin zombies (Ossuary)
  2 jackal skeletons
  5 kobold zombies (Ossuary)
  2 orc zombies
  A quokka zombie (D:8)
  7 rats
210 creatures vanquished.

Vanquished Creatures (collateral kills)
  A wraith (D:11)
  An ogre (D:11)
  An iguana (D:11)
3 creatures vanquished.

Vanquished Creatures (others)
  2 plants (D:7)
2 creatures vanquished.

Grand Total: 215 creatures vanquished

Notes
Turn   | Place    | Note
-------+----------+-------------------------------------------
     0 | D:5      | Chiseanne the Spriggan Delver began the quest for the Orb.
     0 | D:5      | Reached XP level 1. HP: 11/11 MP: 2/2
    59 | D:5      | Found Vier's General Store.
    63 | D:5      | Noticed a hound
   112 | D:5      | Noticed an ogre
   374 | D:5      | Noticed Ijyb
   404 | D:4      | Noticed an orc priest
   404 | D:4      | Noticed an orc wizard
   405 | D:4      | Noticed a worker ant
   406 | D:4      | Reached XP level 2. HP: 16/16 MP: 3/3
   452 | D:5      | Found a stormy altar of Qazlal.
   453 | D:5      | Found a radiant altar of Vehumet.
   474 | D:5      | Killed Ijyb
   474 | D:5      | Reached skill level 8 in Stealth
   474 | D:5      | Reached XP level 3. HP: 19/19 MP: 4/4
   527 | D:5      | Noticed a centaur
   534 | D:5      | Killed a centaur
   534 | D:5      | Reached XP level 4. HP: 9/23 MP: 5/5
   637 | D:5      | Killed an ogre
   637 | D:5      | Reached skill level 9 in Stealth
   637 | D:5      | Reached XP level 5. HP: 19/27 MP: 6/6
   722 | D:4      | Reached skill level 5 in Dodging
   793 | D:4      | Noticed an ogre
   803 | D:4      | Killed an ogre
   803 | D:4      | Reached skill level 10 in Stealth
   803 | D:4      | Reached XP level 6. HP: 32/32 MP: 7/7
  1334 | D:2      | Noticed Jessica
  1544 | D:3      | Reached skill level 1 in Shields
  1674 | D:3      | Found a glowing drain.
  1700 | Sewer    | Entered a sewer
  1796 | Sewer    | Reached XP level 7. HP: 35/35 MP: 8/8
  2270 | D:6      | Found a sand-covered staircase.
  2280 | D:6      | Reached skill level 11 in Stealth
  2286 | Ossuary  | Entered an ossuary
  2748 | D:6      | Found an iron altar of Okawaru.
  2913 | D:6      | Found Vosoiwn's General Store.
  3055 | D:7      | Reached skill level 12 in Stealth
  3055 | D:7      | Reached XP level 8. HP: 28/39 MP: 9/9
  3068 | D:7      | Found a hide-covered altar of Uskayaw.
  3089 | D:7      | Found a blossoming altar of Fedhas.
  3097 | D:7      | Found a hazy altar of Hepliaklqana.
  3097 | D:7      | Found a basalt altar of Yredelemnul.
  3097 | D:7      | Found a broken altar of Ashenzari.
  3107 | D:7      | Found a shimmering blue altar of Sif Muna.
  3124 | D:7      | Noticed Pikel
  3132 | D:7      | Found a staircase to the Ecumenical Temple.
  3140 | Temple   | Entered the Ecumenical Temple
  3151 | Temple   | Became a worshipper of Gozag Ym Sagoz the Greedy
  3205 | D:7      | Reached skill level 1 in Throwing
  3330 | D:7      | Noticed Maggie
  3402 | D:7      | Killed Maggie
  3402 | D:7      | Reached skill level 13 in Stealth
  3402 | D:7      | Reached XP level 9. HP: 43/43 MP: 10/10
  3442 | D:7      | Found a runed translucent door.
  3443 | D:7      | Noticed Crazy Yiuf
  3450 | D:7      | Killed Crazy Yiuf
  3505 | Temple   | Killed Pikel
  3585 | D:8      | Noticed an angel
  3586 | D:8      | Found a glowing silver altar of Zin.
  3586 | D:8      | Found a shimmering altar of Xom.
  3736 | D:8      | Found a bloodstained altar of Trog.
  3786 | D:8      | Found Liphizoffi's Distillery.
  3795 | D:8      | Bought a potion of flight for 42 gold pieces
  3795 | D:8      | Bought a potion of lignification for 42 gold pieces
  3795 | D:8      | Bought a potion of heal wounds for 70 gold pieces
  3795 | D:8      | Bought a potion of haste for 140 gold pieces
  3795 | D:8      | Bought a potion of haste for 140 gold pieces
  3824 | D:8      | Reached skill level 5 in Shields
  3829 | D:8      | Reached skill level 14 in Stealth
  4013 | D:9      | Gained mutation: Your mind is acute. (Int +2) [potion of
                  | mutation]
  4013 | D:9      | Gained mutation: You are occasionally teleported next to
                  | monsters. [potion of mutation]
  4013 | D:9      | Gained mutation: You are weak. (Str -2) [potion of
                  | mutation]
  4013 | D:9      | Gained mutation: Your flesh is cold resistant. (rC+)
                  | [potion of mutation]
  4130 | D:9      | Reached skill level 5 in Throwing
  4669 | D:9      | Lost mutation: You are weak. (Str -2) [potion of mutation]
  4669 | D:9      | Lost mutation: Your mind is acute. (Int +2) [potion of
                  | mutation]
  4669 | D:9      | Lost mutation: Your flesh is cold resistant. (rC+) [potion
                  | of mutation]
  4669 | D:9      | Gained mutation: You tend to lose your temper in combat.
                  | [potion of mutation]
  4669 | D:9      | Gained mutation: You have large cloven feet. [potion of
                  | mutation]
  4669 | D:9      | Gained mutation: You are partially covered in yellow
                  | scales. (AC +2) [potion of mutation]
  4743 | D:10     | Entered Level 10 of the Dungeon
  4777 | D:10     | Reached XP level 10. HP: 47/47 MP: 11/11
  4965 | D:10     | Reached skill level 15 in Stealth
  5145 | D:10     | Found a staircase to the Lair.
  5933 | D:11     | Noticed a boulder beetle
  5936 | D:11     | Killed a boulder beetle
  6172 | D:11     | Noticed an unseen horror
  6197 | D:11     | Killed an unseen horror
  6197 | D:11     | Reached skill level 16 in Stealth
  6264 | D:11     | Found a frozen archway.
  6453 | D:11     | Reached XP level 11. HP: 47/51 MP: 12/12
  6700 | D:11     | Quit the game

Illustrated notes

Levels and vault maps discovered:
D:1:      heliophobic_arrival_henge, layout_loops_ring
D:2:      layout_rooms, makhleb_heckhound_becter, uniq_jessica
D:3:      minmay_roachtagon, layout_basic, lemuel_coloured_pillars_altar,
          portal_sewer_entry_f, yredelemnul_altar_generic
D:4:      layout_basic
D:5:      layout_cave_pools, gammafunk_temple_overflow_statue, serial_glass,
          glass_columns_c, glass_columns_a, serial_shops, shop, uniq_ijyb
D:6:      layout_loops_ring, lemuel_crystal_altar, serial_shops, shop_coins,
          enter_ossuary_3
D:7:      layout_layer_cave, eat_drink_and_be_merry_uskayaw,
          grunt_temple_overflow_open, minmay_temple_entry_grid,
          serial_bayou_pond_a, uniq_pikel, uniq_maggie, uniq_crazy_yiuf_cottage
D:8:      layout_basic, grunt_temple_overflow_order_and_chaos_1, serial_shops,
          nicolae_shop_trees, lemuel_altar_in_water
D:9:      layout_long_grid
D:10:     layout_small_grid, erik_lair_island, minmay_misc_feat_iff
D:11:     layout_long_grid, portal_ice_cave_demonic_guard
Temple:   nicolae_temple_figure_zero

Skill      XL: |  1  2  3  4  5  6  7  8  9 10 11 |
---------------+----------------------------------+-----
Stealth        | 8 9 10 12 13 14 16 | 16.4
Short Blades   | 3 4 |  4.1
Dodging        | 4 5 7 |  7.4
Shields        | 1 3 4 5 7 |  7.1
Throwing       | 3 5 7 8 |  8.0
Fighting       | |  2.4

Action                   |  1- 3 |  4- 6 |  7- 9 | 10-12 || total
-------------------------+-------+-------+-------+-------++-------
Melee: Short sword       |    12 |   108 |    25 |       ||   145
       Dagger            |       |       |   239 |   169 ||   408
       Kick              |       |       |    12 |    47 ||    59
Throw: Boomerang         |       |    41 |    55 |    39 ||   135
Invok: Call Merchant     |       |       |       |     1 ||     1
Evoke: Wand              |     1 |    15 |     9 |    10 ||    35
  Use: Scroll            |     2 |     6 |    12 |     3 ||    23
       Potion            |       |       |     9 |     4 ||    13
 Stab: Sleeping          |     5 |     6 |    26 |     9 ||    46
Armor: Robe              |       |     7 |     6 |       ||    13
       Steam dragon scal |       |       |     7 |    10 ||    17
Dodge: Dodged            |    11 |    74 |   133 |   121 ||   339
Block: Buckler           |       |    22 |    55 |    59 ||   136

Table legend: (Time is in decaauts)
 A = Elapsed time spent in this place.
 B = Non-inter-level travel time spent in this place.
 C = Inter-level travel time spent in this place.
 D = Time resting spent in this place.
 E = Time spent auto-exploring this place.
 F = Levels seen in this place.
 G = Mean time per level.
                   A        B        C        D        E       F      G
               +--------+--------+--------+--------+--------+-----+--------+
         Total |   4873 |   4711 |    162 |    865 |    943 |  14 |  348.1 |
       Dungeon |   4261 |   4099 |    162 |    658 |    943 |  11 |  387.4 |
        Temple |     60 |     60 |      0 |     10 |      0 |   1 |   60.0 |
         Sewer |    220 |    220 |      0 |      0 |      0 |   1 |  220.0 |
       Ossuary |    331 |    331 |      0 |    197 |      0 |   1 |  331.0 |
               +--------+--------+--------+--------+--------+-----+--------+

Top non-repeatable levels by time:
    D:10: 874 daAuts
    D:11: 543 daAuts
     D:9: 535 daAuts
     D:4: 534 daAuts
     D:5: 480 daAuts
     D:3: 381 daAuts
 Ossuary: 331 daAuts
     D:7: 303 daAuts
     D:8: 270 daAuts
     D:6: 243 daAuts
   Sewer: 220 daAuts
     D:2: 75 daAuts
  Temple: 60 daAuts
     D:1: 19 daAuts
